 Dungeon Crawl Stone Soup version 0.32-a0-768-g0f6f1dd4b9 (webtiles) character file.

Game seed: 11497616536789625183

144 mandarbmax the Slasher (level 5, -2/41 HPs)
             Began as a Coglin Chaos Knight on Mar 19, 2024.
             Was a Plaything of Xom.
             Slain by a white imp (5 damage)
             ... summoned by Xom
             ... on level 3 of the Dungeon.
             The game lasted 00:05:55 (2613 turns).

mandarbmax the Slasher (Coglin Chaos Knight)        Turns: 2613, Time: 00:05:55

Health: -2/41      AC:  6    Str: 12      XL:     5   Next: 26%
Magic:  5/5        EV: 10    Int: 12      God:    Xom [.*....]
Gold:   89         SH:  0    Dex:  5 (15) Spells: 4/4 levels left

rFire   . . .        a - +0 falchion (chaos) {Shi}
rCold   . . .        g - +1 dagger (drain) {Yolanda}
rNeg    . . .        b - +2 leather armour
rPois   .            (no helmet)
rElec   .            (no cloak)
rCorr   .            (no gloves)
SInv    .            d - +0 pair of boots
Will    .....        (amulet unavailable)
Stlth   +            (ring unavailable)
HPRegen 0.26/turn    (ring unavailable)
MPRegen 0.09/turn    (no gizmo)

%: no passive effects
@: revved
A: off-hand wielding, slow wielding, warmup strikes, no jewellery
a: Invent Gizmo, Renounce Religion


You were on level 3 of the Dungeon.
You worshipped Xom.
You were a plaything of Xom.
You visited 1 branch of the dungeon, and saw 3 of its levels.

You collected 111 gold pieces.
You spent 22 gold pieces at shops.

Inventory:

Hand Weapons
 a - a +0 falchion of chaos (weapon) {Shi}
 g - a +1 dagger of draining (offhand) {Yolanda}
Armour
 b - a +2 leather armour (worn)
 d - a +0 pair of boots (worn)
 f - a +0 ring mail
 m - a +0 plate armour
Magical Staves
 e - a staff of earth
Scrolls
 c - a scroll of butterflies
 i - 2 scrolls of teleportation {unknown}
 k - a scroll of vulnerability
 l - a scroll of amnesia
 n - a scroll of poison
 o - a scroll of fog {unknown}
 p - 4 scrolls of enchant weapon {unknown}
 q - a scroll of blinking {unknown}
Potions
 h - 3 potions of heal wounds
 j - a potion of attraction {unknown}


   Skills:
 - Level 3.0 Fighting
 + Level 5.3 Long Blades
 - Level 2.0 Armour
 - Level 2.0 Dodging


You had 4 spell levels left.
You didn't know any spells.
Your spell library contained the following spells:

 Spells                   Type           Power      Damage    Failure   Level
 Freeze                   Ice            0%         1d3       38%         1
 Frozen Ramparts          Ice            0%         1d1       77%         3
 Hailstorm                Conj/Ice       0%         3d5       77%         3


Dungeon Overview and Level Annotations

Branches:
Dungeon (3/15)

Altars:
Sif Muna
The Shining One

Shops:
D:2 ?


Innate Abilities, Weirdness & Mutations

You can wield a second weapon in your off-hand.
It takes a long time for you to wield or remove held weapons.
Your first few attacks do less damage.
You cannot equip rings or amulets.


Message History

The quasit claws you but does no damage.
The quasit completely misses you.
You hit the quasit with your +0 falchion of chaos.
The quasit is heavily wounded.
You closely miss the quasit with your +1 dagger of draining.
You hear Xom's maniacal laughter.
The quasit bites you but does no damage.
The quasit closely misses you. The quasit misses you.
You closely miss the quasit with your +1 dagger of draining.
The quasit is heavily wounded.
You hit the quasit but do no damage.
The quasit seems to speed up.
The quasit barely misses you. The quasit closely misses you.
The quasit claws you.
* * * LOW HITPOINT WARNING * * *
The quasit closely misses you. The quasit misses you.
The quasit claws you but does no damage.
You barely miss the quasit with your +0 falchion of chaos.
The quasit is heavily wounded.
You closely miss the quasit with your +1 dagger of draining.
The quasit barely misses you. x3; The quasit misses you.
The quasit claws you but does no damage.
The quasit closely misses you.
You completely miss the quasit with your +0 falchion of chaos.
The quasit is heavily wounded.
You barely miss the quasit with your +1 dagger of draining.
The quasit misses you. The quasit closely misses you.
The quasit barely misses you. The white imp barely misses you.
The quasit misses you.
The quasit claws you but does no damage.
The quasit barely misses you.
You closely miss the quasit with your +1 dagger of draining.
The quasit is heavily wounded.
You barely miss the quasit with your +0 falchion of chaos.
The quasit disappears in a puff of smoke!
The white imp picks up a beetle and eats it.
The white imp hits you.
* * * LOW HITPOINT WARNING * * *
The white imp freezes you.
You die... "I guess I need a new plaything now."

####### #####.....##
.....§§§§..# ≈§≈≈≈§≈§.#.#
.....§§≈.#.# .###(#.§.#.#
.#...#.§§..#
§#._.#.≈§..#####################
§#...#.§§.....55@5.............#
§#.###.§§.....>###############.#
§...§..≈.....#.# #.#
§§.≈§§≈≈..#.)#.###############.#
§.........#.........)..........#
#..##.##..#...............######
##.##.###.####.##########.#
##.##.# #.........#.....#.#
##.##.# ###....##.#.###.#.#


You could see 3 white imps.

Vanquished Creatures
  2 orc wizards (D:3)
  2 adders (D:2)
  A dart slug (D:1)
  2 ribbon worms (D:3)
  6 orcs (D:3)
  3 ball pythons
  4 endoplasms
  2 giant cockroaches
  7 goblins
  4 hobgoblins
  7 jackals
  4 kobolds
  2 quokkas
  4 bats
  3 frilled lizards (D:1)
  2 rats
55 creatures vanquished.

Vanquished Creatures (collateral kills)
  2 orcs (D:3)
2 creatures vanquished.

Grand Total: 57 creatures vanquished

Notes
Turn   | Place    | Note
-------+----------+-------------------------------------------
     0 | D:1      | mandarbmax the Coglin Chaos Knight began the quest for the
                  | Orb.
     0 | D:1      | Reached XP level 1. HP: 18/18 MP: 1/1
    36 | D:1      | XOM: divination: detect creatures
   123 | D:1      | Reached skill level 1 in Dodging
   170 | D:1      | Found a faded altar of an unknown god.
   345 | D:1      | Reached XP level 2. HP: 24/24 MP: 2/2
  1049 | D:2      | Reached XP level 3. HP: 29/29 MP: 3/3
  1178 | D:2      | XOM: silly message
  1222 | D:2      | Reached skill level 4 in Long Blades
  1264 | D:2      | Found Ytuseira's Magic Scroll Shop.
  1279 | D:2      | Bought a scroll of identify for 22 gold pieces
  1387 | D:2      | Found a glowing golden altar of the Shining One.
  1815 | D:3      | Reached XP level 4. HP: 33/35 MP: 4/4
  1885 | D:3      | Found a glowing golden altar of the Shining One.
  1955 | D:3      | XOM: cast spell 'Summon Cactus Giant'
  2191 | D:3      | XOM: 1-stop teleportation journey
  2222 | D:3      | Found a shimmering blue altar of Sif Muna.
  2306 | D:3      | Reached skill level 5 in Long Blades
  2315 | D:3      | Reached XP level 5. HP: 36/41 MP: 5/5
  2578 | D:3      | XOM: summons 3 hostile demons
  2609 | D:3      | XOM: summons 3 hostile demons
  2613 | D:3      | Slain by a white imp

Illustrated notes

Levels and vault maps discovered:
D:1:      dpeg_arrival_simpleton_a, layout_loops_corners,
          hellmonk_ecumenical_altar_zigzags
D:2:      layout_loops_cross, basic_altar, serial_shops,
          nicolae_shop_gibbet_a_chance, minivault_5
D:3:      layout_basic, mainiacjoe_overflow_brackets, general_overflow_altar,
          st_stairs_14

Skill      XL: |  1  2  3  4 |
---------------+-------------+-----
Dodging        | 1 2 |  2.0
Armour         | 2 |  2.0
Long Blades    | 4 5 |  5.3
Fighting       | |  3.0

Action                     |  1- 3 |  4- 6 || total
---------------------------+-------+-------++-------
  Melee: Dagger            |    61 |    79 ||   140
         Falchion          |    62 |    85 ||   147
    Use: Scroll            |     3 |     1 ||     4
         Potion            |       |     3 ||     3
   Stab: Confused          |     2 |       ||     2
         Invisible         |       |     1 ||     1
 Armour: Leather armour    |    37 |   143 ||   180
  Dodge: Dodged            |    29 |   102 ||   131

Table legend: (Time is in decaauts)
 A = Elapsed time spent in this place.
 B = Non-inter-level travel time spent in this place.
 C = Inter-level travel time spent in this place.
 D = Time resting spent in this place.
 E = Time spent auto-exploring this place.
 F = Levels seen in this place.
 G = Mean time per level.
                   A        B        C        D        E       F      G
               +--------+--------+--------+--------+--------+-----+--------+
         Total |   2609 |   2514 |     95 |      0 |   2023 |   3 |  869.7 |
       Dungeon |   2609 |   2514 |     95 |      0 |   2023 |   3 |  869.7 |
               +--------+--------+--------+--------+--------+-----+--------+

Top non-repeatable levels by time:
     D:1: 957 daAuts
     D:2: 848 daAuts
     D:3: 804 daAuts
